Map: Bridgehead LE (Void)

Players

HALYANG

  • Race: Zerg Zerg
  • League: Platinum

Javert - Winner!

  • Race: Zerg Zerg
  • League: Platinum

VOD

Have the link to the VOD?

Description

Time

  • Played on: Aug. 22, 2015, 8:57 p.m.
  • Length: 20:25
Show
View Real Time Build Order
Export as new Build Order

HALYANG Zerg 

Build Orders: Hatch First 

Get SALT Encoding   

  12  0:01  Drone  
  13  0:10  Drone  
  14  0:17  Overlord  
  14  0:37  Drone x2  
  14  0:38  Drone  
  17  0:55  Hatchery  
  16  1:00  Drone x2  
  18  1:05  Extractor  
  17  1:16  Spawning Pool  
  16  1:19  Drone  
  17  1:29  Drone  
  18  1:38  Overlord  
  17  2:03  Queen  
  17  2:06  Zergling x4  
  17  2:07  Spine Crawler, Zergling x2  
  21  2:10  Drone  
  21  2:14  Metabolic Boost  
  22  2:33  Drone x4  
  22  2:36  Queen  
  28  2:45  Baneling Nest  
  27  2:52  Drone x2  
  29  3:00  Drone x2  
  29  3:03  Overlord  
  31  3:09  Drone  
  31  3:11  Drone  
  33  3:18  Spine Crawler  
  32  3:32  Zergling x8  
  32  3:33  Spine Crawler  
  35  3:37  Zergling x2  
  35  3:38  Zergling x2  
  37  3:49  Zergling x4  
  38  4:07  Drone x5  
  38  4:08  Drone  
  41  4:34  Spine Crawler, Zergling x8  
  41  4:35  Spine Crawler, Zergling x2  
  41  4:36  Spine Crawler  
  42  4:39  Zergling x2  
  43  4:47  Overlord  
  43  4:48  Overlord  
  42  4:54  Spine Crawler, Zergling x4  
  42  4:56  Zergling x2  
  41  5:05  Spine Crawler  
  41  5:06  Spine Crawler  
  37  5:10  Lair  
  37  5:12  Drone x3  
  37  5:13  Extractor  
  27  5:58  Queen  
  27  6:01  Drone x5  
  34  6:12  Drone x2  
  36  6:21  Drone x3  
  38  6:38  Spawning Pool  
  35  6:58  Extractor, Spawning Pool  
  30  7:09  Spawning Pool  
  30  7:12  Spire  
  28  7:19  Drone x3  
  28  7:20  Drone x4  
  28  7:22  Drone x4  
  39  7:29  Drone  
  40  7:30  Extractor  
  40  7:33  Extractor  
  38  8:02  Spine Crawler  
  37  8:06  Spine Crawler  
  37  8:08  Spine Crawler  
  35  8:13  Drone x2  
  35  8:14  Drone x6, Extractor  
  35  8:15  Spine Crawler  
  41  8:24  Mutalisk x2  
  45  8:32  Mutalisk  
  44  8:35  Mutalisk  
  45  8:41  Mutalisk x3  
  45  8:45  Queen  
  45  8:47  Queen  
  55  9:04  Overseer  
  55  9:12  Mutalisk  
  57  9:19  Overlord x2  
  57  9:37  Drone  
  58  9:57  Drone x3, Spire  
  58  9:58  Drone x7  
  67  10:15  Extractor  
  67  10:19  Extractor  
  65  10:27  Hatchery  
  64  10:32  Drone x4  
  64  10:33  Overlord x2  
  68  10:37  Spawning Pool  
  67  10:59  Drone x5  
  67  11:00  Drone x3  
  75  11:11  Hatchery, Mutalisk x4  
  82  11:22  Mutalisk  
  84  11:29  Zerg Flyer Armor Level 1  
  84  11:43  Drone  
  85  11:47  Queen  
  87  11:55  Baneling Nest  
  87  12:00  Evolution Chamber, Mutalisk x2  
  89  12:05  Overlord x3  
  89  12:11  Zergling x2  
  90  12:17  Overlord  
  90  12:18  Overlord x2  
  90  12:24  Zergling x2  
  90  12:25  Zergling x8  
  90  12:26  Zergling x4  
  95  12:35  Zergling x12  
  100  12:41  Zergling x4  
  98  12:48  Baneling  
  98  12:49  Baneling x2  
  98  12:51  Zergling x8  
  80  13:14  Queen x2  
  84  13:22  Baneling x2  
  84  13:23  Baneling x3  
  84  13:24  Zerg Flyer Armor Level 2  
  84  13:25  Queen  
  86  13:27  Drone x2, Extractor  
  86  13:30  Drone  
  86  13:31  Drone x6  
  94  13:36  Zerg Ground Armor Level 1  
  94  13:38  Drone, Extractor  
  94  13:41  Extractor  
  93  13:58  Drone, Overlord  
  93  13:59  Overlord  
  93  14:01  Mutalisk x2  
  98  14:03  Overlord  
  98  14:11  Extractor x2  
  98  14:14  Pneumatized Carapace  
  96  14:23  Queen  
  96  14:29  Drone x2  
  96  14:30  Drone x4  
  96  14:31  Drone x7  
  108  14:42  Overlord x2  
  109  14:45  Drone x3  
  109  14:46  Drone  
  112  14:56  Overlord x2  
  112  14:57  Zergling x6  
  112  14:58  Zergling x2  
  112  14:59  Baneling x2  
  116  15:00  Baneling  
  116  15:24  Centrifical Hooks  
  105  15:44  Zergling x2  
  105  15:45  Zergling x30  
  116  16:03  Zergling x14  
  116  16:04  Baneling, Zergling x4  
  109  16:05  Baneling x9  
  109  16:06  Baneling x5  
  109  16:07  Baneling x5  
  108  16:17  Zergling x6  
  108  16:18  Zergling x6  
  99  16:43  Zerg Ground Armor Level 2  
  99  16:45  Hatchery, Zerg Flyer Weapons Level 1  
  98  16:53  Mutalisk  
  98  16:54  Mutalisk x2  
  100  16:58  Extractor  
  101  17:13  Drone x3  
  104  17:36  Overlord x3  
  104  17:46  Evolution Chamber  
  104  17:49  Infestation Pit  
  97  18:19  Zergling x2  
  98  18:20  Zergling x36  
  98  18:21  Zergling x4  
  117  18:31  Zergling x4  
  113  18:42  Baneling x3  
Show
View Real Time Build Order
Export as new Build Order

Javert Zerg - Winner!

Build Orders: Pool First 

Get SALT Encoding   

  12  0:02  Drone  
  13  0:10  Drone  
  14  0:14  Extractor  
  14  0:15  Extractor  
  14  0:19  Drone  
  13  0:23  Drone  
  16  0:29  Extractor  
  16  0:31  Overlord  
  15  0:51  Spawning Pool  
  15  0:53  Drone  
  15  0:54  Drone  
  16  1:02  Drone  
  17  1:12  Drone  
  18  1:22  Drone  
  19  1:31  Drone  
  20  1:41  Queen  
  20  1:43  Roach Warren  
  20  1:46  Overlord  
  21  1:55  Drone  
  22  2:09  Overlord  
  22  2:18  Burrow  
  22  2:25  Roach x2  
  26  2:37  Roach  
  26  2:42  Hatchery  
  27  2:45  Roach  
  27  2:50  Roach  
  33  2:51  Roach  
  33  2:58  Overlord  
  33  3:07  Roach  
  35  3:16  Roach  
  37  3:21  Roach x2  
  41  3:28  Queen  
  43  3:35  Roach  
  43  3:39  Drone  
  46  3:52  Roach x2  
  46  4:01  Drone x4  
  48  4:05  Overlord  
  48  4:10  Roach x2  
  48  4:13  Overlord  
  48  4:33  Roach x2  
  48  4:34  Roach x3  
  58  4:43  Roach x2  
  62  4:48  Spine Crawler  
  55  5:03  Roach x2  
  55  5:05  Drone x2  
  55  5:06  Drone  
  62  5:11  Overlord  
  62  5:25  Drone, Roach  
  62  5:26  Drone x2  
  56  5:49  Overlord x2  
  56  6:00  Drone x2  
  56  6:01  Drone x2  
  58  6:12  Roach  
  58  6:18  Hatchery  
  55  6:22  Drone x2  
  55  6:23  Drone x2  
  55  6:24  Lair  
  55  6:25  Extractor  
  58  6:33  Roach x2  
  62  6:46  Roach x2  
  64  7:06  Overlord  
  56  7:20  Queen  
  58  7:23  Drone x5  
  58  7:29  Hydralisk Den  
  62  7:33  Roach x2  
  62  7:35  Drone  
  65  7:56  Queen  
  67  8:04  Roach x7  
  77  8:31  Roach x6  
  83  8:35  Spore Crawler  
  83  8:39  Spore Crawler x2  
  83  8:40  Spore Crawler  
  79  8:46  Roach x5  
  79  8:47  Spore Crawler  
  74  8:50  Spore Crawler x2  
  74  8:51  Roach x3  
  74  8:57  Queen  
  74  9:10  Drone x3  
  74  9:11  Drone x4  
  77  9:22  Drone x4  
  73  9:30  Spore Crawler  
  58  9:51  Hydralisk x2  
  58  9:52  Hydralisk x3, Extractor  
  53  10:00  Spore Crawler  
  53  10:01  Extractor  
  51  10:07  Queen  
  51  10:10  Overlord x2  
  53  10:17  Hydralisk x2  
  57  10:24  Drone  
  57  10:25  Drone x3  
  61  10:30  Drone x3  
  64  10:36  Hydralisk  
  66  10:45  Muscular Augments  
  66  10:48  Spore Crawler  
  65  11:00  Roach  
  65  11:01  Roach x5  
  77  11:16  Hydralisk x3  
  83  11:25  Drone x5  
  87  11:26  Drone x2  
  87  11:29  Roach  
  87  11:30  Roach  
  94  11:35  Evolution Chamber  
  94  11:39  Overlord x2  
  93  11:46  Spore Crawler  
  93  11:47  Drone x3, Extractor  
  93  11:52  Roach x2  
  98  12:06  Hydralisk  
  98  12:07  Hydralisk x3  
  106  12:20  Zerg Missile Weapons Level 1  
  104  12:27  Spore Crawler  
  101  12:45  Roach x2  
  101  12:46  Overlord  
  101  12:47  Overlord  
  97  13:05  Hydralisk  
  75  13:06  Hydralisk x13  
  95  13:18  Extractor  
  89  13:20  Drone x5  
  89  13:21  Infestation Pit  
  89  13:26  Drone x2  
  89  13:27  Drone x2  
  94  13:32  Drone x4  
  98  13:46  Spore Crawler x2  
  98  13:47  Drone x7, Spore Crawler  
  102  13:56  Roach x3  
  108  14:21  Hydralisk x3  
  108  14:22  Hydralisk x3  
  120  14:29  Overlord  
  120  14:33  Hatchery  
  120  14:38  Hydralisk  
  121  14:40  Zerg Missile Weapons Level 2  
  121  14:44  Hive  
  121  14:53  Overlord x2  
  121  15:04  Overlord x2  
  121  15:12  Overlord  
  121  15:15  Roach x8  
  121  15:20  Ravager  
  138  15:23  Overlord x2  
  138  15:26  Ravager x4  
  126  15:51  Extractor  
  126  15:52  Extractor  
  120  16:04  Hydralisk x12  
  120  16:05  Hydralisk  
  103  16:28  Viper x3  
  103  16:32  Roach x2  
  108  16:33  Roach x6  
  118  16:46  Roach x2  
  118  16:47  Roach x4  
  130  17:10  Spore Crawler  
  130  17:11  Spore Crawler  
  130  17:15  Roach x2  
  132  17:16  Roach x7  
  146  17:23  Zerg Ground Armor Level 1  
  146  17:31  Drone x4  
  146  17:32  Drone x2  
  152  17:40  Ravager x5  
  157  17:54  Roach x7  
  171  18:03  Evolution Chamber x2  
  165  18:07  Zergling x2  
  165  18:08  Zergling x16  
  145  18:52  Hydralisk x11  
  145  18:53  Hydralisk x2  
  147  19:14  Hydralisk  
  147  19:15  Hydralisk x5  
Tags
 
Add a new tag
Caveats
  • Supply blocks, unpowered buildings, or Contaminate may cause inaccurate times.
  • Supply counts are checked every 10 seconds.